 Dungeon Sprint DCSS version 0.17-a0-1691-g18a3847 (webtiles) character file.

131167 Kidiri the Imperceptible (level 15, 0/63 HPs)
             Began as a Spriggan Enchanter on Aug 20, 2015.
             Was the Champion of Dithmenos.
             Shot with a silver bolt by a pristine statue (4 damage)
             ... in the Dungeon (Sprint III: "The Ten Rune Challenge").
             The game lasted 00:51:16 (13481 turns).

Kidiri the Imperceptible (Spriggan Enchanter)      Turns: 13481, Time: 00:51:17

Health: 0/63       AC:  9    Str:  6    XL:     15   Next: 88%
Magic:  32/41      EV: 43    Int: 21    God:    Dithmenos [******]
Gold:   2211       SH:  0    Dex: 25    Spells: 19 memorised, 6 levels left

rFire  . . .     SeeInvis +     x - +5 rapier (freeze)
rCold  + . .     Clarity  +     b - +2 robe {rN+}
rNeg   + + +     SustAt   +     (shield restricted)
rPois  +         Gourm    .     t - +2 hat
rElec  +         Spirit   .     A - +2 cloak {+Inv}
rCorr  .         Warding  .     (gloves unavailable)
rMut   .         NoTele   +     (boots unavailable)
MR     +++++                    q - amulet of the Four Winds {Clar rN+ MR+++}
Stlth  ++++++++++               w - ring "Onnile" {SustAt rN+}
                                m - ring of Balance {+Inv rPois MR+ Dex+4 Stlth+}

@: very slightly contaminated, wreathed by umbra, very quick, almost entirely
resistant to hostile enchantments, uncannily stealthy
A: unfitting armour, see invisible, clever 1, cold resistance 1, herbivore 3,
speed 3, electricity resistance, slow metabolism 2, strong 1
a: Shadow Step, Shadow Form, Renounce Religion, Evoke Invisibility
}: 2/10 runes: decaying, serpentine


You were in the Dungeon.
You worshipped Dithmenos.
Dithmenos was exalted by your worship.
You were full.

You visited 1 branch You collected 5473 gold pieces.
You spent 3262 gold pieces at shops.

Inventory:

Hand weapons
 x - a +5 rapier of freezing (weapon)
Missiles
 z - 8 throwing nets (quivered)
Armour
 b - a +2 robe of positive energy (worn)
 t - a +2 hat (worn)
 y - a +2 robe of fire resistance
 A - a +2 cloak of invisibility (worn)
Jewellery
 m - the ring of Balance (left hand) {+Inv rPois MR+ Dex+4 Stlth+}
   (You bought it in a shop in the Dungeon)

   [ring of poison resistance]

   It affects your dexterity (+4).
   It protects you from poison.
   It affects your resistance to hostile enchantments.
   It lets you turn invisible.
   It makes you more stealthy.
 q - the amulet of the Four Winds (around neck) {Clar rN+ MR+++}
   (You bought it in a shop in the Dungeon)

   [amulet of clarity]

   It provides mental clarity.
   It protects you from negative energy.
   It affects your resistance to hostile enchantments.
 w - the ring "Onnile" (right hand) {SustAt rN+}
   (You bought it in a shop in the Dungeon)

   [ring of sustain attributes]

   It sustains your strength, intelligence and dexterity.
   It protects you from negative energy.
Magical devices
 c - a wand of polymorph (9)
 e - a wand of disintegration (10)
 u - a wand of polymorph (14)
Scrolls
 a - 2 scrolls of identify
 j - 2 scrolls of blinking
 l - a scroll of torment
 n - 2 scrolls of fog
Potions
 f - a potion of heal wounds
 g - 3 potions of haste
 i - a potion of berserk rage
 o - 2 potions of might
 p - 2 potions of agility
 s - a potion of cure mutation
 v - 2 potions of curing
Books
 h - Roxanne's Volume of Mutagenic Earth
   (You took it off Roxanne in the Dungeon)

   Spells                             Type                      Level
   a - Sandblast                      Earth                        1
   b - Stoneskin                      Transmutation/Earth          2
   c - Stone Arrow                    Conjuration/Earth            3
   d - Petrify                        Transmutation/Earth          4
   e - Statue Form                    Transmutation/Earth          6
Comestibles
 d - a bread ration
 k - 8 fruits
 r - 29 royal jellies


   Skills:
 + Level 15.2 Short Blades
 * Level 25.0 Dodging
 * Level 26.8 Stealth
 * Level 21.7 Spellcasting
 + Level 10.9 Conjurations
 + Level 16.3 Hexes
 + Level 17.8 Charms
 + Level 17.6 Translocations
 + Level 4.4 Transmutations
 + Level 11.9 Ice Magic
 + Level 8.1 Air Magic
 + Level 2.8 Earth Magic
 + Level 9.0 Poison Magic
 - Level 2.6 Invocations


You had 6 spell levels left.
You knew the following spells:

 Your Spells              Type           Power        Failure   Level  Hunger
a - Corona                Hex            ######.      0%          1    None
b - Ensorcelled Hibernat  Hex/Ice        ######       0%          2    None
c - Confuse               Hex            ######..     0%          3    None
d - Tukima's Dance        Hex            ######..     0%          3    None
e - Dazzling Spray        Conj/Hex       ######..     1%          3    None
f - Apportation           Tloc           #######...   0%          1    None
g - Blink                 Tloc           N/A          0%          2    None
h - Shroud of Golubria    Chrm/Tloc      #######...   0%          2    None
i - Portal Projectile     Tloc           ######       0%          3    None
j - Teleport Other        Tloc           #######.     0%          3    None
k - Passage of Golubria   Tloc           N/A          0%          4    None
l - Sting                 Conj/Pois      ####         1%          1    None
m - Mephitic Cloud        Conj/Pois/Air  ######..     1%          3    None
n - Cure Poison           Pois           ######....   1%          2    None
o - Venom Bolt            Conj/Pois      ######....   1%          5    None
p - Olgreb's Toxic Radia  Pois           ######..     1%          4    None
q - Stone Arrow           Conj/Erth      ######       1%          3    None
r - Stoneskin             Trmt/Erth      #####...     1%          2    None
s - Petrify               Trmt/Erth      #####...     4%          4    None


Dungeon Overview and Level Annotations

Branches:
Dungeon (1/1)

Altars:
Cheibriados
Dithmenos
Elyvilon
Fedhas
Gozag
Kikubaaqudgha
Makhleb
Nemelex Xobeh
Okawaru
Qazlal
Ru
Sif Muna
Trog
Vehumet
Xom
Yredelemnul
Zin
The Shining One
Jiyva
Lugonu

Shops:
D %=[([%:[%}[%[[=%(!?:}%??

Annotations:
D exclusion: statue


Innate Abilities, Weirdness & Mutations

You are tiny and cannot use many weapons and most armour.
You have supernaturally acute eyesight.
You are a herbivore.
You cover ground extremely quickly.
You need consume almost no food.
Your mind is acute. (Int +2)
Your flesh is cold resistant.
You are resistant to electric shocks.
Your muscles are strong. (Str +2)


Message History

You spit the pristine statue like a pig!!!!
You freeze the pristine statue.
The pristine statue is almost destroyed.
The pristine statue shoots a silver bolt.
The silver bolt completely misses you.
The silver bolt hits the pristine statue!
The pristine statue is destroyed!
You flicker back into view.
Things that are here:
an arbalest; 49 silver bolts You start resting.
A pristine statue is nearby!
A pristine statue is nearby!
Use which ability? (? or * to list)
You fail to use your ability.
The pristine statue shoots a silver bolt.
The silver bolt hits you!!
* * * LOW HITPOINT WARNING * * *
The silver sears you!
You die...

##########..# ♣♣.♣♣≈≈≈.≈♣ #§#§
##.).........# ♣♣..♣♣♣♣♣♣.♣ #.#§
#∩.[[.......## ♣≈≈.≈.§≈≈..♣ #..§
#∩.########### ♣...≈≈§≈≈≈.♣ ####
#∩...........# ♣.♣≈.§§.§≈.♣ #.#.
##...........# ♣♣♣♣♣♣♣♣∩∩∩♣ #...
############# ♣♣♣♣♣ #...
***************##########****###+
**,+,,*,,,,,,,*#@≈...§§§#,,,*##..
**,*,,+,,****+*#≈...§§§§#,,,##...
**,****,,*,,,,*#...§§§§§#+###....
**,*,,**+*,,,,*#...§.§§§+...+....
**,*,,*,,*,,,,*#........#+###....
**,+,,*,,*,,,,*#≈......≈#≈≈≈##...
*******++******#)≈....(8#+#+###..
***,*,*,,*,*,**####''####.#.# ##+
**,,,,,,,,,,,,*#.[+.....#+#####.≈


You could see a pristine statue.

Vanquished Creatures
  Mara (D)
  Mennas (D)
  Frederick (D)
  Xtahua (D)
  A lich (D)
  Rupert (D)
  Gastronok (D)
  2 sphinxes (D)
  Chuck (D)
  2 shadow dragons (D)
  Dowan (D)
  Roxanne (D)
  A greater naga (D)
  Maud (D)
  A vampire knight (D)
  2 dire elephants (D)
  3 fire dragons (D)
  8 mummy priests (D)
  A yaktaur captain (D)
  3 hydras (D)
  A naga warrior (D)
  3 centaur warriors (D)
  2 hell beasts (D)
  Erica (D)
  4 death yaks (D)
  3 anacondas (D)
  4 dancing weapons (D)
  A titan zombie (D)
  An ogre mage (D)
  2 soul eaters (D)
  A shadow wraith (D)
  A death drake (D)
  2 sun demons (D)
  6 skeletal warriors (D)
  2 ice devils (D)
  An unseen horror (D)
  2 deep elf knights (D)
  A sea snake (shapeshifter) (D)
  A spriggan druid (D)
  2 deep elf summoners (D)
  An obsidian statue (D)
  A lindwurm (D)
  A deep elf conjurer (D)
  6 ugly things (D)
  3 hornets (D)
  2 oklob plants (D)
  4 crystal guardians (D)
  A water nymph (shapeshifter) (D)
  6 black mambas (D)
  2 elephants (D)
  A molten gargoyle (D)
  6 statues (D)
  A guardian serpent (D)
  2 spiny frogs (D)
  Duvessa (D)
  An orange crystal statue (D)
  An iron troll simulacrum (D)
  A komodo dragon (D)
  An anaconda simulacrum (D)
  A queen bee (D)
  8 guardian mummies (D)
  A deep elf priest (D)
  3 fire drakes (D)
  3 wandering mushrooms (D)
  4 spriggan defenders (D)
  11 slime creatures (D)
  An orc high priest (D)
  8 blink frogs (D)
  A slime creature (shapeshifter) (D)
  A shadow (D)
  3 redbacks (D)
  2 spriggans (D)
  A spatial vortex (D)
  2 nagas (D)
  4 water moccasins (D)
  A swamp drake (D)
  An orc warrior (D)
  A necrophage (D)
  2 centaurs (D)
  An earth elemental (D)
  2 brain worms (D)
  A water elemental (D)
  A scorpion (D)
  32 killer bees (D)
  An electric eel (D)
  4 orc wizards (D)
  A jelly (D)
  Jessica (D)
  A necromancer (D)
  4 orc priests (D)
  A wizard (D)
  A kobold demonologist (D)
  3 humans (D)
  3 adders (D)
  10 orcs (D)
  A ball python (D)
  A kobold (D)
  3 rats (D)
  2 ballistomycetes (D)
  A butterfly (D)
  A giant spore (D)
  8 plants (D)
260 creatures vanquished.

Vanquished Creatures (collateral kills)
  A vampire knight (D)
1 creature vanquished.

Vanquished Creatures (others)
  2 draconian scorchers (D)
  Nessos (D)
  A statue (D)
  3 yaktaurs (D)
  A bush (D)
  13 plants (D)
21 creatures vanquished.

Grand Total: 282 creatures vanquished

Notes
Turn   | Place    | Note
--------------------------------------------------------------
     0 | D        | Kidiri the Spriggan Enchanter began the quest for the Orb.
     0 | D        | Reached XP level 1. HP: 9/9 MP: 5/5
    43 | D        | Noticed Jessica
    46 | D        | Killed Jessica
    46 | D        | Reached skill level 5 in Dodging
    46 | D        | Reached skill level 6 in Stealth
    46 | D        | Reached XP level 2. HP: 13/13 MP: 6/8
    52 | D        | Learned a level 2 spell: Ensorcelled Hibernation
    91 | D        | Reached XP level 3. HP: 4/16 MP: 6/10
   128 | D        | Learned a level 3 spell: Confuse
   130 | D        | Killed a yaktaur
   132 | D        | Learned a level 3 spell: Tukima's Dance
   161 | D        | Killed a white draconian scorcher
   274 | D        | Killed a white draconian scorcher
   434 | D        | Noticed a scorpion
   441 | D        | Killed a scorpion
   441 | D        | Reached skill level 8 in Stealth
   441 | D        | Reached skill level 5 in Spellcasting
   441 | D        | Reached skill level 5 in Hexes
   441 | D        | Reached skill level 1 in Ice Magic
   441 | D        | Reached XP level 4. HP: 21/21 MP: 8/12
   460 | D        | Learned a level 3 spell: Dazzling Spray
   476 | D        | Gained mutation: Your flesh is cold resistant. [potion of mutation]
   476 | D        | Gained mutation: You are resistant to electric shocks. [potion of mutation]
   477 | D        | Gained mutation: Your muscles are strong. (Str +2) [potion of mutation]
   477 | D        | Gained mutation: Your mind is acute. (Int +2) [potion of mutation]
   573 | D        | Killed a yaktaur
   709 | D        | Noticed a water elemental
   711 | D        | Killed a water elemental
   711 | D        | Reached skill level 1 in Conjurations
   711 | D        | Reached XP level 5. HP: 24/24 MP: 12/14
   721 | D        | Noticed a jelly
   722 | D        | Noticed a shadow
   724 | D        | Killed a shadow
   724 | D        | Reached skill level 9 in Dodging
   724 | D        | Reached skill level 10 in Stealth
   724 | D        | Reached XP level 6. HP: 28/28 MP: 13/17
   728 | D        | Killed a jelly
   733 | D        | Found a stormy altar of Qazlal.
   734 | D        | Noticed a spatial vortex
   734 | D        | Killed a spatial vortex
   734 | D        | Reached skill level 5 in Short Blades
   734 | D        | Reached skill level 10 in Dodging
   734 | D        | Reached skill level 11 in Stealth
   735 | D        | Found a sacrificial altar of Ru.
   735 | D        | Found a burning altar of Makhleb.
   735 | D        | Found a viscous altar of Jiyva.
   735 | D        | Found a shimmering altar of Xom.
   735 | D        | Found a shadowy altar of Dithmenos.
   735 | D        | Found a sparkling altar of Nemelex Xobeh.
   735 | D        | Found a corrupted altar of Lugonu.
   735 | D        | Found an opulent altar of Gozag.
   739 | D        | Became a worshipper of Dithmenos the Shadowed
   768 | D        | Found a radiant altar of Vehumet.
   769 | D        | Found a deep blue altar of Sif Muna.
   769 | D        | Found an ancient bone altar of Kikubaaqudgha.
   769 | D        | Noticed a wizard
   770 | D        | Killed a wizard
   796 | D        | Learned a level 1 spell: Apportation
   799 | D        | Learned a level 2 spell: Blink
   802 | D        | Learned a level 2 spell: Shroud of Golubria
   806 | D        | Learned a level 3 spell: Portal Projectile
   814 | D        | Found a glowing silver altar of Zin.
   815 | D        | Found a glowing golden altar of the Shining One.
   815 | D        | Found a white marble altar of Elyvilon.
   815 | D        | Noticed a deep elf priest
   817 | D        | Killed a deep elf priest
   817 | D        | Reached skill level 12 in Stealth
   817 | D        | Reached skill level 1 in Invocations
   817 | D        | Reached XP level 7. HP: 32/32 MP: 18/20
   828 | D        | Found an iron altar of Okawaru.
   829 | D        | Found a bloodstained altar of Trog.
   829 | D        | Noticed a human
   829 | D        | Noticed a human
   831 | D        | Killed a human
   832 | D        | Killed a human
   846 | D        | Learned a level 3 spell: Teleport Other
   851 | D        | Found a snail-covered altar of Cheibriados.
   851 | D        | Noticed a necrophage
   852 | D        | Found a basalt altar of Yredelemnul.
   852 | D        | Found a blossoming altar of Fedhas.
   852 | D        | Noticed a necromancer
   853 | D        | Killed a necrophage
   853 | D        | Reached XP level 8. HP: 36/36 MP: 22/22
   854 | D        | Killed a necromancer
   854 | D        | Acquired Dithmenos's first power
   876 | D        | Noticed Erica
   879 | D        | Killed Erica
   879 | D        | Reached skill level 13 in Stealth
   879 | D        | Reached skill level 10 in Spellcasting
   879 | D        | Reached skill level 5 in Charms
   886 | D        | Noticed an earth elemental
   951 | D        | Killed an earth elemental
   951 | D        | Reached skill level 5 in Translocations
  1104 | D        | Learned a level 4 spell: Passage of Golubria
  1173 | D        | Noticed a centaur
  1173 | D        | Noticed a centaur warrior
  1173 | D        | Noticed a centaur
  1176 | D        | Killed a centaur warrior
  1176 | D        | Reached skill level 14 in Stealth
  1176 | D        | Reached skill level 5 in Ice Magic
  1176 | D        | Reached XP level 9. HP: 39/39 MP: 21/25
  1177 | D        | Killed a centaur
  1177 | D        | Acquired Dithmenos's second power
  1179 | D        | Killed a centaur
  1206 | D        | Noticed an unseen horror
  1208 | D        | Killed an unseen horror
  1218 | D        | Noticed a killer bee
  1218 | D        | Noticed a killer bee
  1218 | D        | Noticed a killer bee
  1218 | D        | Noticed a killer bee
  1218 | D        | Noticed a killer bee
  1218 | D        | Noticed a killer bee
  1218 | D        | Noticed a killer bee
  1218 | D        | Noticed a killer bee
  1218 | D        | Noticed a killer bee
  1218 | D        | Noticed a killer bee
  1218 | D        | Noticed a killer bee
  1218 | D        | Noticed a killer bee
  1218 | D        | Noticed a killer bee
  1218 | D        | Noticed a killer bee
  1218 | D        | Noticed a killer bee
  1219 | D        | Noticed a killer bee
  1219 | D        | Noticed a killer bee
  1219 | D        | Noticed a killer bee
  1219 | D        | Noticed a killer bee
  1219 | D        | Noticed a killer bee
  1219 | D        | Noticed a killer bee
  1219 | D        | Noticed a killer bee
  1219 | D        | Noticed a queen bee
  1219 | D        | Noticed a killer bee
  1219 | D        | Noticed a killer bee
  1219 | D        | Noticed a killer bee
  1219 | D        | Noticed a killer bee
  1219 | D        | Noticed a killer bee
  1219 | D        | Noticed a killer bee
  1219 | D        | Noticed a killer bee
  1219 | D        | Noticed a killer bee
  1219 | D        | Noticed a killer bee
  1219 | D        | Noticed a killer bee
  1220 | D        | Killed a killer bee
  1221 | D        | Killed a killer bee
  1224 | D        | Killed a killer bee
  1224 | D        | Acquired Dithmenos's third power
  1226 | D        | Killed a killer bee
  1228 | D        | Killed a killer bee
  1228 | D        | Reached skill level 15 in Stealth
  1230 | D        | Killed a killer bee
  1232 | D        | Killed a killer bee
  1236 | D        | Killed a killer bee
  1238 | D        | Killed a killer bee
  1238 | D        | Acquired Dithmenos's fourth power
  1240 | D        | Killed a killer bee
  1242 | D        | Killed a killer bee
  1244 | D        | Killed a killer bee
  1246 | D        | Killed a killer bee
  1248 | D        | Killed a killer bee
  1376 | D        | Killed a killer bee
  1379 | D        | Killed a killer bee
  1379 | D        | Reached XP level 10. HP: 44/44 MP: 22/27
  1381 | D        | Killed a killer bee
  1383 | D        | Killed a killer bee
  1385 | D        | Killed a killer bee
  1387 | D        | Killed a killer bee
  1389 | D        | Killed a killer bee
  1389 | D        | Reached skill level 5 in Conjurations
  1393 | D        | Killed a killer bee
  1395 | D        | Killed a killer bee
  1397 | D        | Killed a killer bee
  1399 | D        | Killed a killer bee
  1401 | D        | Killed a killer bee
  1425 | D        | Killed a killer bee
  1569 | D        | Killed a killer bee
  1570 | D        | Killed a killer bee
  1573 | D        | Killed a killer bee
  1574 | D        | Killed a killer bee
  1580 | D        | Killed a queen bee
  1586 | D        | Killed a killer bee
  1741 | D        | Noticed a wandering mushroom
  1742 | D        | Noticed a wandering mushroom
  1742 | D        | Noticed a wandering mushroom
  1748 | D        | Killed a wandering mushroom
  1750 | D        | Killed a wandering mushroom
  1751 | D        | Killed a wandering mushroom
  1751 | D        | Reached skill level 16 in Stealth
  1885 | D        | Noticed a spiny frog
  1885 | D        | Noticed a komodo dragon
  1885 | D        | Noticed a spiny frog
  1888 | D        | Killed a spiny frog
  1888 | D        | Reached skill level 15 in Dodging
  1889 | D        | Killed a spiny frog
  1899 | D        | Killed a komodo dragon
  1899 | D        | Reached skill level 10 in Hexes
  2029 | D        | Noticed a redback
  2031 | D        | Killed a redback
  2032 | D        | Noticed a brain worm
  2035 | D        | Killed a brain worm
  2038 | D        | Noticed a brain worm
  2040 | D        | Killed a brain worm
  2046 | D        | Noticed a lindwurm
  2048 | D        | Noticed a redback
  2049 | D        | Killed a lindwurm
  2051 | D        | Killed a redback
  2056 | D        | Noticed a redback
  2057 | D        | Killed a redback
  2058 | D        | Noticed Maud
  2060 | D        | Killed Maud
  2060 | D        | Reached skill level 17 in Stealth
  2060 | D        | Reached XP level 11. HP: 47/47 MP: 29/29
  2063 | D        | Noticed an electric eel
  2064 | D        | Noticed a six-headed hydra
  2064 | D        | Noticed a four-headed hydra
  2065 | D        | Killed an electric eel
  2067 | D        | Killed a six-headed hydra
  2068 | D        | Killed a four-headed hydra
  2109 | D        | Noticed a death drake
  2112 | D        | Killed a death drake
  2112 | D        | Reached skill level 10 in Charms
  2122 | D        | Found a blossoming altar of Fedhas.
  2122 | D        | Noticed a spriggan
  2122 | D        | Noticed a spriggan druid
  2122 | D        | Noticed a spriggan
  2124 | D        | Killed a spriggan druid
  2124 | D        | Reached skill level 10 in Translocations
  2125 | D        | Killed a spriggan
  2125 | D        | Reached skill level 18 in Stealth
  2126 | D        | Killed a spriggan
  2145 | D        | Noticed a fire dragon
  2150 | D        | Killed a fire dragon
  2340 | D        | Noticed a fire drake
  2342 | D        | Killed a fire drake
  2346 | D        | Noticed a fire dragon
  2346 | D        | Noticed a fire drake
  2347 | D        | Killed a fire dragon
  2348 | D        | Found Visosor's Antique Armour Emporium.
  2348 | D        | Found Esilorif's Food Shop.
  2349 | D        | Killed a fire drake
  2350 | D        | Found Jeuwinur's Book Shoppe.
  2606 | D        | Noticed a swamp drake
  2606 | D        | Noticed a fire drake
  2607 | D        | Killed a fire drake
  2607 | D        | Reached skill level 10 in Short Blades
  2609 | D        | Killed a swamp drake
  2616 | D        | Noticed a blink frog
  2616 | D        | Noticed a blink frog
  2616 | D        | Noticed a blink frog
  2616 | D        | Noticed a blink frog
  2623 | D        | Killed a blink frog
  2651 | D        | Noticed a blink frog
  2656 | D        | Killed a blink frog
  2658 | D        | Killed a blink frog
  2663 | D        | Killed a blink frog
  2669 | D        | Killed a blink frog
  2669 | D        | Reached skill level 15 in Spellcasting
  2790 | D        | Noticed Rupert
  2792 | D        | Killed Rupert
  2792 | D        | Reached skill level 19 in Stealth
  2792 | D        | Reached XP level 12. HP: 51/51 MP: 27/32
  2819 | D        | Noticed a death yak
  2820 | D        | Noticed a death yak
  2820 | D        | Noticed a blink frog
  2827 | D        | Noticed a death yak
  2827 | D        | Noticed a blink frog
  2831 | D        | Noticed a death yak
  2831 | D        | Killed a death yak
  2838 | D        | Noticed a blink frog
  2839 | D        | Killed a death yak
  3040 | D        | Noticed a black mamba
  3045 | D        | Killed a black mamba
  3226 | D        | Noticed a black mamba
  3233 | D        | Killed a blink frog
  3235 | D        | Killed a death yak
  3243 | D        | Killed a black mamba
  3387 | D        | Killed a death yak
  3414 | D        | Killed a blink frog
  3418 | D        | Killed a blink frog
  3588 | D        | Noticed an azure jelly
  3588 | D        | Noticed an azure jelly
  3597 | D        | Noticed an anaconda
  3597 | D        | Noticed an anaconda
  3598 | D        | Noticed a black mamba
  3599 | D        | Killed an anaconda
  3599 | D        | Reached skill level 20 in Stealth
  3604 | D        | Killed a black mamba
  3610 | D        | Killed an anaconda
  3726 | D        | Noticed a black mamba
  3726 | D        | Noticed an anaconda
  3726 | D        | Noticed a black mamba
  3726 | D        | Noticed a water moccasin
  3728 | D        | Killed an anaconda
  3731 | D        | Killed a black mamba
  3732 | D        | Killed a water moccasin
  3734 | D        | Killed a black mamba
  3784 | D        | Noticed a water moccasin
  3784 | D        | Noticed a water moccasin
  3784 | D        | Noticed a black mamba
  3785 | D        | Noticed a water moccasin
  3786 | D        | Killed a water moccasin
  3793 | D        | Killed a water moccasin
  3797 | D        | Killed a water moccasin
  3799 | D        | Killed a black mamba
  3859 | D        | Noticed a naga
  3859 | D        | Noticed a naga
  3860 | D        | Noticed a naga warrior
  3860 | D        | Noticed a greater naga
  3860 | D        | Found Ruskup's Food Boutique.
  3860 | D        | Found Matut's Jewellery Emporium.
  3861 | D        | Killed a naga
  3862 | D        | Killed a naga
  3863 | D        | Found Eklil's Antique Armour Shop.
  3864 | D        | Killed a naga warrior
  3865 | D        | Killed a greater naga
  3885 | D        | Noticed a guardian serpent
  3887 | D        | Killed a guardian serpent
  3887 | D        | Reached XP level 13. HP: 55/55 MP: 29/34
  3890 | D        | Got a serpentine rune of Zot
  3968 | D        | Noticed an azure jelly
  3968 | D        | Noticed an azure jelly
  3969 | D        | Noticed an elephant
  3969 | D        | Noticed an elephant
  3969 | D        | Noticed a dire elephant
  3969 | D        | Noticed a dire elephant
  3969 | D        | Noticed Gastronok
  3980 | D        | Killed an elephant
  3997 | D        | Killed Gastronok
  3997 | D        | Reached skill level 21 in Stealth
  4003 | D        | Killed Nessos
  4150 | D        | Killed a dire elephant
  4382 | D        | Killed an elephant
  4384 | D        | Killed a dire elephant
  4762 | D        | Noticed an orc priest
  4762 | D        | Found Jyenaj's Antique Weapon Boutique.
  4762 | D        | Noticed an orc wizard
  4762 | D        | Noticed an orc wizard
  4764 | D        | Noticed an orc warrior
  4765 | D        | Noticed an orc wizard
  4765 | D        | Killed an orc wizard
  4766 | D        | Killed an orc priest
  4766 | D        | Killed an orc wizard
  4767 | D        | Noticed an orc wizard
  4767 | D        | Killed an orc wizard
  4769 | D        | Killed an orc warrior
  4771 | D        | Killed an orc wizard
  4942 | D        | Noticed a deep elf knight
  4942 | D        | Noticed a deep elf summoner
  4942 | D        | Noticed a deep elf knight
  4942 | D        | Noticed a deep elf summoner
  4942 | D        | Noticed a deep elf conjurer
  4956 | D        | Killed a deep elf knight
  4961 | D        | Killed a deep elf conjurer
  4964 | D        | Killed a deep elf summoner
  4970 | D        | Killed a deep elf knight
  4981 | D        | Killed a deep elf summoner
  5242 | D        | Noticed a deep elf annihilator
  5243 | D        | Noticed a deep elf annihilator
  5285 | D        | Bought a glowing dagger for 50 gold pieces
  5510 | D        | Noticed Dowan
  5510 | D        | Noticed Duvessa
  5512 | D        | Killed Dowan
  5522 | D        | Killed Duvessa
  5550 | D        | Noticed an orc priest
  5550 | D        | Noticed an orc priest
  5551 | D        | Noticed an orc high priest
  5551 | D        | Noticed an orc priest
  5553 | D        | Killed an orc priest
  5553 | D        | Killed an orc priest
  5556 | D        | Killed an orc priest
  5559 | D        | Killed an orc high priest
  5719 | D        | Noticed a spriggan defender
  5720 | D        | Noticed a spriggan defender
  5720 | D        | Noticed a spriggan defender
  5720 | D        | Noticed a spriggan defender
  5722 | D        | Killed a spriggan defender
  5723 | D        | Killed a spriggan defender
  5723 | D        | Reached skill level 22 in Stealth
  5725 | D        | Killed a spriggan defender
  5726 | D        | Killed a spriggan defender
  5843 | D        | Noticed a centaur warrior
  5843 | D        | Noticed a slime creature
  5846 | D        | Killed a centaur warrior
  5847 | D        | Killed a slime creature
  5872 | D        | Noticed a fire dragon
  5872 | D        | Noticed a slime creature
  5874 | D        | Killed a slime creature
  5876 | D        | Killed a fire dragon
  5883 | D        | Noticed a centaur warrior
  5884 | D        | Noticed a cyan ugly thing
  5887 | D        | Killed a centaur warrior
  5896 | D        | Killed a cyan ugly thing
  5929 | D        | Noticed a war axe of flaming
  5929 | D        | Noticed a mace of holy wrath
  5930 | D        | Noticed a glaive of holy wrath
  5931 | D        | Noticed a battleaxe of freezing
  5932 | D        | Killed a glaive of holy wrath
  5934 | D        | Killed a war axe of flaming
  5936 | D        | Killed a battleaxe of freezing
  6181 | D        | Killed a mace of holy wrath
  6385 | D        | Noticed an orange crystal statue
  6505 | D        | Bought a runed robe for 17 gold pieces
  6507 | D        | Bought a Young Poisoner's Handbook for 560 gold pieces
  6807 | D        | Learned a level 1 spell: Sting
  6811 | D        | Learned a level 3 spell: Mephitic Cloud
  6814 | D        | Learned a level 2 spell: Cure Poison
  6820 | D        | Learned a level 5 spell: Venom Bolt
  6825 | D        | Learned a level 4 spell: Olgreb's Toxic Radiance
  6898 | D        | Noticed a four-headed hydra
  6898 | D        | Noticed Xtahua
  6900 | D        | Killed Xtahua
  6900 | D        | Reached skill level 1 in Air Magic
  6900 | D        | Reached skill level 1 in Poison Magic
  6902 | D        | Killed a four-headed hydra
  6907 | D        | Got a decaying rune of Zot
  7105 | D        | Killed an orange crystal statue
  7240 | D        | Found Wued's Distillery.
  7240 | D        | Found Ejomut's Book Shop.
  7240 | D        | Found Loakh's Food Boutique.
  7240 | D        | Found Ysyzageb's Magic Scroll Shoppe.
  7240 | D        | Found Qirafi's Antique Weapon Boutique.
  7240 | D        | Found Ujibyhit's Magic Scroll Emporium.
  7240 | D        | Found Qatzeug's Jewellery Shoppe.
  7240 | D        | Found Istuen's Magic Scroll Shop.
  7240 | D        | Found Jeovufim's Antique Armour Shop.
  7240 | D        | Found Tevvoroc's Food Emporium.
  7240 | D        | Found Mocy's Antique Armour Emporium.
  7240 | D        | Found Velur's Gadget Boutique.
  7255 | D        | Bought a runed hat for 92 gold pieces
  7255 | D        | Bought a runed robe for 16 gold pieces
  7292 | D        | Bought an embroidered robe for 16 gold pieces
  7293 | D        | Bought the ring of Balance {+Inv rPois MR+ Dex+4 Stlth+} for 711 gold pieces
  7293 | D        | Bought the amulet of the Four Winds {Clar rN+ MR+++} for 593 gold pieces
  7299 | D        | Bought a scroll of enchant weapon for 90 gold pieces
  7299 | D        | Bought a scroll of enchant weapon for 90 gold pieces
  7299 | D        | Bought a scroll of identify for 24 gold pieces
  7299 | D        | Bought a scroll of magic mapping for 42 gold pieces
  7313 | D        | Bought a scroll of remove curse for 36 gold pieces
  7342 | D        | Bought a scroll of identify for 22 gold pieces
  7342 | D        | Bought a scroll of identify for 22 gold pieces
  7358 | D        | Bought a scroll of identify for 24 gold pieces
  7358 | D        | Bought a scroll of enchant weapon for 90 gold pieces
  7358 | D        | Bought a scroll of identify for 24 gold pieces
  7358 | D        | Bought a scroll of identify for 24 gold pieces
  7358 | D        | Bought a scroll of identify for 24 gold pieces
  7358 | D        | Bought a scroll of fog for 24 gold pieces
  7358 | D        | Bought a scroll of blinking for 90 gold pieces
  7364 | D        | Bought a potion of heal wounds for 65 gold pieces
  7514 | D        | Bought the ring "Onnile" {SustAt rN+} for 344 gold pieces
  7684 | D        | Bought a scroll of enchant armour for 82 gold pieces
  7742 | D        | Noticed a manticore
  7742 | D        | Noticed a yaktaur captain
  7742 | D        | Noticed a slime creature
  7742 | D        | Noticed a white ugly thing
  7744 | D        | Noticed a slime creature
  7748 | D        | Killed a slime creature
  7748 | D        | Reached XP level 14. HP: 59/59 MP: 29/37
  7760 | D        | Noticed a cyan ugly thing
  7770 | D        | Killed a white ugly thing
  7770 | D        | Reached skill level 23 in Stealth
  7773 | D        | Killed a cyan ugly thing
  7779 | D        | Killed a slime creature
  7793 | D        | Killed a yaktaur captain
  7801 | D        | Reached skill level 10 in Ice Magic
  7930 | D        | Noticed a slime creature
  7937 | D        | Killed a slime creature
  7955 | D        | Noticed a skeletal warrior
  7955 | D        | Noticed a skeletal warrior
  7955 | D        | Noticed a skeletal warrior
  7955 | D        | Noticed a skeletal warrior
  7958 | D        | Killed a skeletal warrior
  7960 | D        | Killed a skeletal warrior
  7960 | D        | Reached skill level 15 in Charms
  7970 | D        | Killed a skeletal warrior
  7982 | D        | Killed a skeletal warrior
  8099 | D        | Noticed an ancient lich
  8303 | D        | Bought a scroll of enchant armour for 90 gold pieces
  8418 | D        | Noticed a mummy priest
  8419 | D        | Noticed a sphinx
  8419 | D        | Noticed a sphinx
  8431 | D        | Killed a mummy priest
  8637 | D        | Killed a sphinx
  8638 | D        | Killed a sphinx
  8659 | D        | Noticed a guardian mummy
  8659 | D        | Noticed a guardian mummy
  8659 | D        | Noticed a mummy priest
  8660 | D        | Noticed a guardian mummy
  8661 | D        | Killed a mummy priest
  8661 | D        | Reached skill level 15 in Translocations
  8877 | D        | Killed a guardian mummy
  8878 | D        | Killed a guardian mummy
  9073 | D        | Noticed a mummy priest
  9073 | D        | Noticed a guardian mummy
  9073 | D        | Noticed a guardian mummy
  9081 | D        | Killed a guardian mummy
  9211 | D        | Killed a mummy priest
  9213 | D        | Killed a guardian mummy
  9214 | D        | Noticed a guardian mummy
  9216 | D        | Killed a guardian mummy
  9217 | D        | Noticed a mummy priest
  9218 | D        | Killed a guardian mummy
  9369 | D        | Noticed a guardian mummy
  9369 | D        | Noticed a guardian mummy
  9371 | D        | Killed a mummy priest
  9373 | D        | Killed a guardian mummy
  9375 | D        | Killed a guardian mummy
  9604 | D        | Noticed a mummy priest
  9604 | D        | Noticed a mummy priest
  9605 | D        | Noticed a mummy priest
  9606 | D        | Killed a mummy priest
  9606 | D        | Reached skill level 24 in Stealth
  9652 | D        | Killed a mummy priest
  9652 | D        | Reached skill level 5 in Poison Magic
  9653 | D        | Killed a mummy priest
  9900 | D        | Noticed a white ugly thing
  9901 | D        | Noticed Chuck
  9903 | D        | Killed a white ugly thing
 10243 | D        | Killed Chuck
 10390 | D        | Got a jewelled storm dragon armour
 10438 | D        | Identified the +3 storm dragon armour "Buphaycw" {rElec MR+ MP-9 Str+8 Stlth-} (You found it in the Dungeon)
 10444 | D        | Noticed Frederick
 10449 | D        | Killed Frederick
 10449 | D        | Reached skill level 5 in Air Magic
 10470 | D        | Noticed a lich
 10472 | D        | Killed a lich
 10472 | D        | Reached skill level 15 in Hexes
 10477 | D        | Noticed a slime creature
 10479 | D        | Killed a slime creature
 10480 | D        | Noticed a green ugly thing
 10481 | D        | Noticed a slime creature
 10482 | D        | Killed a green ugly thing
 10485 | D        | Killed a slime creature
 10491 | D        | Noticed a shadow dragon
 10491 | D        | Noticed an ogre mage
 10492 | D        | Noticed a shadow dragon
 10557 | D        | Killed a shadow dragon
 10557 | D        | Reached skill level 10 in Conjurations
 10733 | D        | Killed an ogre mage
 10750 | D        | Noticed an obsidian statue
 10753 | D        | Noticed a red ugly thing
 10755 | D        | Killed a red ugly thing
 10806 | D        | Killed a shadow dragon
 10806 | D        | Reached skill level 25 in Stealth
 10806 | D        | Reached XP level 15. HP: 39/63 MP: 22/40
 10944 | D        | Killed an obsidian statue
 10955 | D        | Noticed a stone giant
 10955 | D        | Noticed a vault guard
 10955 | D        | Noticed a vault guard
 11136 | D        | Noticed a crystal guardian
 11136 | D        | Noticed a crystal guardian
 11136 | D        | Noticed a crystal guardian
 11136 | D        | Noticed a crystal guardian
 11137 | D        | Killed a crystal guardian
 11139 | D        | Killed a crystal guardian
 11141 | D        | Killed a crystal guardian
 11143 | D        | Killed a crystal guardian
 11171 | D        | Noticed a fire elementalist statue
 11171 | D        | Noticed a water elementalist statue
 11171 | D        | Noticed an earth elementalist statue
 11171 | D        | Noticed an air elementalist statue
 11178 | D        | Killed a water elementalist statue
 11255 | D        | Killed a fire elementalist statue
 11417 | D        | Killed an air elementalist statue
 11432 | D        | Killed an earth elementalist statue
 11519 | D        | Killed a yaktaur
 11640 | D        | Noticed a titan zombie
 11642 | D        | Killed a titan zombie
 11647 | D        | Noticed an anaconda simulacrum
 11649 | D        | Killed an anaconda simulacrum
 11820 | D        | Found Erexit's Food Emporium.
 11820 | D        | Found Cucyemu's Armour Shop.
 11820 | D        | Found Beih's Gadget Shop.
 11820 | D        | Found Byenujap's Food Shoppe.
 11820 | D        | Noticed an oklob plant
 11821 | D        | Noticed an oklob plant
 11822 | D        | Killed an oklob plant
 11836 | D        | Killed an oklob plant
 12024 | D        | Noticed a shadow wraith
 12024 | D        | Noticed a skeletal warrior
 12024 | D        | Noticed a mummy priest
 12032 | D        | Found Losumacu's Armour Boutique.
 12032 | D        | Noticed an iron troll simulacrum
 12036 | D        | Killed an iron troll simulacrum
 12060 | D        | Noticed a hornet
 12063 | D        | Killed a hornet
 12065 | D        | Noticed a hornet
 12068 | D        | Killed a hornet
 12073 | D        | Noticed a hornet
 12078 | D        | Killed a hornet
 12105 | D        | Noticed a skeletal warrior
 12106 | D        | Killed a mummy priest
 12220 | D        | Killed a shadow wraith
 12238 | D        | Killed a skeletal warrior
 12278 | D        | Killed a skeletal warrior
 12427 | D        | Noticed a slime creature
 12427 | D        | Noticed a large slime creature
 12427 | D        | Noticed a slime creature
 12427 | D        | Noticed a slime creature
 12428 | D        | Killed a slime creature
 12429 | D        | Killed a slime creature
 12432 | D        | Killed a slime creature
 12434 | D        | Killed a slime creature
 12436 | D        | Killed a slime creature
 12469 | D        | Noticed a molten gargoyle
 12470 | D        | Noticed a vampire knight
 12470 | D        | Noticed Mara
 12470 | D        | Noticed a vampire knight
 12471 | D        | Killed a molten gargoyle
 12473 | D        | Killed Mara
 12473 | D        | Reached skill level 26 in Stealth
 12478 | D        | Killed a vampire knight
 12484 | D        | Killed a vampire knight
 12811 | D        | Noticed Roxanne
 12838 | D        | Killed Roxanne
 12840 | D        | Identified Roxanne's Volume of Mutagenic Earth (You took it off Roxanne in the Dungeon)
 12845 | D        | Learned a level 3 spell: Stone Arrow
 12848 | D        | Learned a level 2 spell: Stoneskin
 12853 | D        | Learned a level 4 spell: Petrify
 13172 | D        | Noticed an ice devil
 13172 | D        | Noticed a hell beast
 13172 | D        | Noticed a sun demon
 13172 | D        | Noticed a sun demon
 13172 | D        | Noticed a hell beast
 13172 | D        | Noticed a soul eater
 13177 | D        | Noticed a soul eater
 13177 | D        | Noticed an ice devil
 13179 | D        | Killed a sun demon
 13188 | D        | Killed a soul eater
 13188 | D        | Reached skill level 1 in Transmutations
 13191 | D        | Killed an ice devil
 13196 | D        | Killed an ice devil
 13196 | D        | Reached skill level 1 in Earth Magic
 13200 | D        | Killed a soul eater
 13203 | D        | Killed a sun demon
 13203 | D        | Reached skill level 15 in Short Blades
 13222 | D        | Killed a hell beast
 13242 | D        | Killed a hell beast
 13453 | D        | Noticed Mennas
 13454 | D        | Noticed a pristine statue
 13454 | D        | Noticed a pristine statue
 13454 | D        | Noticed a pristine statue
 13454 | D        | Noticed a pristine statue
 13455 | D        | Killed Mennas
 13460 | D        | Killed a pristine statue
 13464 | D        | Killed a pristine statue
 13471 | D        | Killed a pristine statue
 13481 | D        | Shot with a silver bolt by a pristine statue

Vault maps used:
D:        dungeon_sprint_mu

Action                   |  1- 3 |  4- 6 |  7- 9 | 10-12 | 13-15 || total
-------------------------+-------+-------+-------+-------+-------++-------
Melee: Dagger            |    18 |     7 |    38 |   113 |       ||   176
       Short sword       |       |       |       |     1 |   191 ||   192
       Rapier            |       |       |       |       |   307 ||   307
 Cast: Corona            |     2 |       |       |       |       ||     2
       Ensorcelled Hiber |     2 |       |    17 |    55 |    30 ||   104
       Dazzling Spray    |       |       |    15 |    37 |   203 ||   255
       Shroud of Golubri |       |       |     1 |       |     2 ||     3
       Confuse           |       |       |       |     3 |     4 ||     7
       Venom Bolt        |       |       |       |       |    15 ||    15
       Passage of Golubr |       |       |       |       |     2 ||     2
       Mephitic Cloud    |       |       |       |       |     1 ||     1
       Sting             |       |       |       |       |     1 ||     1
       Tukima's Dance    |       |       |       |       |     2 ||     2
Invok: Shadow Step       |       |       |       |    13 |    26 ||    39
 Abil: Evoke Invisibilit |       |       |       |       |     2 ||     2
  Use: Scroll            |       |     5 |       |       |    15 ||    20
       Potion            |       |     2 |     1 |       |     9 ||    12
 Stab: Sleeping          |     3 |     7 |    25 |    60 |    69 ||   164
       Invisible         |       |       |       |     6 |    24 ||    30
       Confused          |       |       |       |     1 |     6 ||     7
  Eat: Bread ration      |       |       |       |     1 |     2 ||     3
